cohdb
Replays
Latest Replays
All Replays
Popular Replays
Top Player Replays
Match Explorer
How It Works
Community
CoH3 Stats
Reddit
Sign in to upload your games and track your stats! →
Sign in with Steam
Match 41151679
Unlisted
Match 41151679
Overview
Messages
Build Orders
End
Royal Engineer Section
Construct Section Command Post
Selects Canadian Shock Battlegroup
Infantry Section
Infantry Section
Infantry Section
Construct Platoon Command Post
Humber Armored Car
Selects Attacking Spirit
Selects Canadian Shock Section
Construct Field Infirmary
Grenade Package
Infantry Section
Selects Incendiary Munitions
Selects Pyrotechnics
Humber Armored Car
Infantry Training
Canadian Shock Section
Construct Company Command Post
Foot Guards Section
Crusader II Medium Tank
6-pounder Anti-tank Gun Team
Crusader II Medium Tank
Selects Churchill Crocodile Heavy Tank
Selects Point Assault
Matilda II Heavy Tank
6-pounder Anti-tank Gun Team
Churchill Crocodile Heavy Tank
Bootyquake
Bar.Soap
0
0
Comments
sign in to comment!
No comments posted yet!